[Event "Swedish Chess Championship 2019: Minior-SM"]
[Site "Stiga Sports Arena, Arenatorget 1, Eskilstuna, Sweden, Sweden"]
[Date "2019.07.10"]
[Round "4.4"]
[White "Sandberg, Simon"]
[Black "Backlund, Elias"]
[Result "1-0"]
[TimeControl "90 minutes for 40 moves + 30 minutes for the rest of the game + 30 seconds per move from move one"]
[WhiteFideId "1735640"]
[BlackFideId "1753207"]
[WhiteElo "1421"]
[BlackElo "1656"]

1. e4 d6 2. d4 Nf6 3. Nc3 g6 4. Nf3 Bg7 5. Bg5 h6 6. Bh4 O-O 7. g4 Bxg4 8. Rg1 g5 9. Bg3 Nbd7 10.
Be2 Bxf3 11. Bxf3 e5 12. d5 a5 13. h4 Nh7 14. hxg5 Nxg5 15. Bg4 Nc5 16. Bf5 Kh8 17. Qh5 Qf6 18.
O-O-O Rg8 19. Bh4 Bf8 20. Rg2 Qe7 21. Rdg1 f6 22. Ne2 b5 23. f4 exf4 24. Nxf4 Qd8 25. Qf7 Qe7 26. Ng6+ Rxg6 27.
Qxg6 Qg7 28. Qh5 Be7 29. Bxg5 fxg5 30. Rh1 Kg8 31. Qxh6 Qxh6 32. Rxh6 Kg7 33. Rh7+ Kf6 34. Rgh2 1-0

[Event "Swedish Chess Championship 2019: Minior-SM"]
[Site "Stiga Sports Arena, Arenatorget 1, Eskilstuna, Sweden, Sweden"]
[Date "2019.07.10"]
[Round "4.5"]
[White "Lindholm, Marcus"]
[Black "Wikman, Viktor"]
[Result "1/2-1/2"]
[TimeControl "90 minutes for 40 moves + 30 minutes for the rest of the game + 30 seconds per move from move one"]
[WhiteFideId "1743473"]
[BlackFideId "1744720"]
[WhiteElo "1359"]
[BlackElo "1633"]

1. e4 e6 2. d4 d5 3. e5 c5 4. c3 Nc6 5. Nf3 Bd7 6. Be3 Qb6 7. b3 cxd4 8. Bxd4 Nxd4 9. Qxd4 Bc5 10.
Qd2 a5 11. Nd4 Ne7 12. f4 Bxd4 13. Qxd4 Qxd4 14. cxd4 Nf5 15. Bd3 Nxd4 16. O-O O-O 17. Nd2 Rfc8 18. Nf3 Bb5 19. Nxd4 Bxd3 20.
Rfd1 Rc3 21. Rd2 a4 22. Rad1 axb3 23. axb3 Be4 24. b4 h5 25. Rf2 g6 26. Ne2 Rc4 27. Rd4 Ra1+ 28. Rf1 Ra4 29.
Rxc4 dxc4 30. Nc3 Rxb4 31. Nxe4 b5 32. Rc1 Rb2 33. Rd1 b4 34. Rd8+ Kg7 35. Nf6 Rb1+ 36. Kf2 Rb2+ 37. Kg3 c3 38.
Rg8+ Kh6 39. Rh8+ 1/2-1/2

[Event "Swedish Chess Championship 2019: Minior-SM"]
[Site "Stiga Sports Arena, Arenatorget 1, Eskilstuna, Sweden, Sweden"]
[Date "2019.07.10"]
[Round "4.6"]
[White "Muntean, Felix"]
[Black "Seo, Jung Hyun"]
[Result "0-1"]
[TimeControl "90 minutes for 40 moves + 30 minutes for the rest of the game + 30 seconds per move from move one"]
[WhiteFideId "1054465"]
[BlackFideId "1735667"]
[WhiteElo "1377"]
[BlackElo "1575"]

1. e4 e6 2. d4 d5 3. e5 c5 4. c3 Nc6 5. Nf3 Bd7 6. Be3 Qb6 7. Qd2 a6 8. b3 Rc8 9. g3 cxd4 10.
Bxd4 Nxd4 11. Nxd4 Ne7 12. Bg2 Nc6 13. O-O Bc5 14. Nxc6 Bxc6 15. b4 Be7 16. a4 O-O 17. Qf4 Rfd8 18.
Rd1 Be8 19. h4 Rc4 20. a5 Qa7 21. Qe3 Qxe3 22. fxe3 g5 23. h5 f6 24. Bf1 Bxh5 25. Bxc4 Bxd1 26. exf6 Bxf6 27. Bd3 Bh5 28.
Ra2 Rc8 29. Rc2 Kg7 30. b5 Bg6 31. Bxg6 Kxg6 32. bxa6 bxa6 33. Rb2 Rc5 34. Rb6 Rxa5 35. Rxe6 Kf5 36. Rb6 Be5 37. Kf2 Rb5 38.
Rxb5 axb5 39. Na3 Kg4 40. Nxb5 Bxg3+ 41. Kg2 Be5 42. e4 dxe4 43. c4 h5 44. c5 h4 45. c6 h3+ 46. Kh1 e3 47. Nd4 Kh5 48. Ne2 g4 49. Nd4 Bxd4 50.
c7 e2 51. c8=Q e1=Q+ 52. Kh2 Be5# 0-1

[Event "Swedish Chess Championship 2019: Minior-SM"]
[Site "Stiga Sports Arena, Arenatorget 1, Eskilstuna, Sweden, Sweden"]
[Date "2019.07.11"]
[Round "5.1"]
[White "Enholm, Herman"]
[Black "Falkevall, Axel"]
[Result "1/2-1/2"]
[TimeControl "90 minutes for 40 moves + 30 minutes for the rest of the game + 30 seconds per move from move one"]
[WhiteFideId "1744500"]
[BlackFideId "1735560"]
[WhiteElo "1695"]
[BlackElo "2067"]

1. d4 Nf6 2. c4 e6 3. Nc3 Bb4 4. Qc2 Nc6 5. Nf3 d6 6. Bg5 O-O 7. e3 h6 8. Bh4 e5 9. d5 Nb8 10.
Be2 Nbd7 11. O-O Bxc3 12. bxc3 Nc5 13. Nd2 Qe7 14. e4 g5 15. Bg3 Ncxe4 16. Nxe4 Nxe4 17. Qxe4 f5 18. Qf3 f4 19.
Qh5 Qg7 20. Rab1 b6 21. Bd3 Bf5 22. Bxf5 Rxf5 23. Qg4 Raf8 24. f3 fxg3 25. hxg3 Qg6 26. c5 dxc5 27. Qa4 a5 28. Rbd1 Qd6 29.
f4 gxf4 30. gxf4 Rxf4 31. Rxf4 Rxf4 32. Qe8+ Kh7 33. Rd3 Rf8 34. Qh5 Qg6 35. Qh3 Qf5 36. d6 Qxh3 37. gxh3 cxd6 38. Rxd6 Rg8+ 39.
Kf2 Rg6 40. Rd7+ Kg8 41. Kf3 Kf8 42. Rb7 h5 43. Ke4 Rg3 44. Kxe5 Rxh3 45. Rxb6 Rxc3 46. Rh6 Ra3 47. Rxh5 Rxa2 48.
Kd5 Rc2 49. Rh4 1/2-1/2

[Event "Swedish Chess Championship 2019: Minior-SM"]
[Site "Stiga Sports Arena, Arenatorget 1, Eskilstuna, Sweden, Sweden"]
[Date "2019.07.11"]
[Round "5.2"]
[White "Morell, Ludvig"]
[Black "Strom-Engdahl, Alexander"]
[Result "1/2-1/2"]
[TimeControl "90 minutes for 40 moves + 30 minutes for the rest of the game + 30 seconds per move from move one"]
[WhiteFideId "1736779"]
[BlackFideId "1741586"]
[WhiteElo "1744"]
[BlackElo "1866"]

1. e4 e5 2. Nf3 Nf6 3. Nxe5 d6 4. Nf3 Nxe4 5. Nc3 Nxc3 6. dxc3 Be7 7. Be3 Nd7 8. Qd2 O-O 9. O-O-O c6 10.
h4 Nc5 11. Bxc5 dxc5 12. Qe3 Qc7 13. Bd3 f5 14. Bc4+ Kh8 15. Ng5 f4 16. Qf3 Bxg5 17. hxg5 g6 18. g4 b5 19. Bd3 Kg8 20.
Qh3 Qg7 21. Be4 Be6 22. Rd6 Bd5 23. Bxd5+ cxd5 24. Rxd5 Rac8 25. Qh6 Qf7 26. Rd6 Rc7 27. Rf6 Qg7 28. Qxg7+ Rxg7 29. Rxf8+ Kxf8 30.
Re1 Rf7 31. f3 Kg7 32. Re5 Rc7 33. Kd2 a6 34. Kd3 Rd7+ 35. Ke4 Rd2 36. Rxc5 Rxc2 37. Rc6 a5 38. Rc7+ Kf8 39. Rxh7 Rxb2 40.
Rb7 Rxa2 41. Rxb5 Ra4+ 42. Ke5 Ra1 43. Kf6 Ke8 44. Kxg6 Rf1 45. Rxa5 Rxf3 46. Kf6 Rxc3 47. Rf5 f3 48.
g6 Kf8 49. Kg5+ Kg8 50. Kh6 Rc4 51. Kh5 Rc3 52. g5 Kg7 53. Rf7+ Kg8 54. Kg4 Rb3 1/2-1/2

[Event "Swedish Chess Championship 2019: Minior-SM"]
[Site "Stiga Sports Arena, Arenatorget 1, Eskilstuna, Sweden, Sweden"]
[Date "2019.07.11"]
[Round "5.3"]
[White "Tran, Alva Ling"]
[Black "Gerdes, Sebastian"]
[Result "1/2-1/2"]
[TimeControl "90 minutes for 40 moves + 30 minutes for the rest of the game + 30 seconds per move from move one"]
[WhiteFideId "1753223"]
[BlackFideId "1745697"]
[WhiteElo "1712"]
[BlackElo "1529"]

1. e4 c5 2. Nc3 g6 3. g3 Bg7 4. Bg2 Nc6 5. Nge2 d6 6. d3 e6 7. O-O Nge7 8. Be3 O-O 9. Qd2 Rb8 10.
Bh6 b5 11. Bxg7 Kxg7 12. f4 d5 13. f5 exf5 14. exd5 Nb4 15. d4 c4 16. Nf4 Bb7 17. Nxb5 Nbxd5 18. Nxd5 Bxd5 19. Na3 Bxg2 20.
Kxg2 Rxb2 21. Qc3 Rb6 22. Qxc4 Nd5 23. Rfe1 f4 24. Qd3 Rf6 25. c4 f3+ 26. Kf2 Nb4 27. Qd2 Qd7 28. Qxb4 Qxd4+ 29. Kf1 Qd3+ 1/2-1/2

[Event "Swedish Chess Championship 2019: Minior-SM"]
[Site "Stiga Sports Arena, Arenatorget 1, Eskilstuna, Sweden, Sweden"]
[Date "2019.07.11"]
[Round "5.4"]
[White "Seo, Jung Hyun"]
[Black "Sandberg, Simon"]
[Result "1-0"]
[TimeControl "90 minutes for 40 moves + 30 minutes for the rest of the game + 30 seconds per move from move one"]
[WhiteFideId "1735667"]
[BlackFideId "1735640"]
[WhiteElo "1575"]
[BlackElo "1421"]

1. e4 e5 2. Nf3 Nc6 3. d4 exd4 4. Nxd4 Bc5 5. Nxc6 Qf6 6. Qf3 Qxf3 7. gxf3 dxc6 8. Be3 Bxe3 9. fxe3 Ne7 10. Nc3 Be6 11. O-O-O O-O 12. Bd3 Rad8 13. Rhg1 Kh8 14. a3 f5 15. exf5 Nxf5 16. Bxf5 Bxf5 17. Rxd8 Rxd8 18. e4 Be6 19.
Ne2 Rf8 20. Nd4 Bd7 21. Rg3 h6 22. Kd2 c5 23. Ne2 Rd8 24. Ke3 g5 25. Nc3 Bc6 26. Rg1 b6 27. f4 gxf4+ 28. Kxf4 Rg8 29.
Rxg8+ Kxg8 30. Kf5 Kf7 31. h4 Bd7+ 32. Ke5 Kg6 33. Nd5 Kh5 34. Nf6 Kxh4 35. Nxd7 a5 36. Kf5 h5 37. Nf6 b5 38.
e5 b4 39. e6 bxa3 40. bxa3 1-0

[Event "Swedish Chess Championship 2019: Minior-SM"]
[Site "Stiga Sports Arena, Arenatorget 1, Eskilstuna, Sweden, Sweden"]
[Date "2019.07.11"]
[Round "5.5"]
[White "Wikman, Viktor"]
[Black "Fridman, Arvid"]
[Result "1-0"]
[TimeControl "90 minutes for 40 moves + 30 minutes for the rest of the game + 30 seconds per move from move one"]
[WhiteFideId "1744720"]
[BlackFideId "1758632"]
[WhiteElo "1633"]
[BlackElo "1326"]

1. e4 e5 2. Nf3 Nc6 3. Bc4 Bc5 4. c3 Nf6 5. d3 O-O 6. Bg5 d6 7. a4 a5 8. O-O Bg4 9. Nbd2 h6 10.
Be3 Nh5 11. h3 Ng3 12. Re1 Bxf3 13. Qxf3 Bxe3 14. Rxe3 Nxe4 15. Nxe4 d5 16. Bxd5 1-0

[Event "Swedish Chess Championship 2019: Minior-SM"]
[Site "Stiga Sports Arena, Arenatorget 1, Eskilstuna, Sweden, Sweden"]
[Date "2019.07.11"]
[Round "5.6"]
[White "Lindholm, Marcus"]
[Black "Anfalt, Erik"]
[Result "0-1"]
[TimeControl "90 minutes for 40 moves + 30 minutes for the rest of the game + 30 seconds per move from move one"]
[WhiteFideId "1743473"]
[BlackFideId "1753533"]
[WhiteElo "1359"]
[BlackElo "1511"]

1. e4 e5 2. Nf3 Nc6 3. Bc4 Bc5 4. b4 Bxb4 5. c3 Ba5 6. d4 exd4 7. Nxd4 d6 8. Nxc6 bxc6 9. Qa4 Bb6 10.
Qxc6+ Bd7 11. Qd5 Be6 12. Qd3 Bxc4 13. Qxc4 Nf6 14. Bg5 O-O 15. O-O h6 16. Bh4 Re8 17. Nd2 Re6 18. Rfe1 Qe8 19.
Kf1 Ng4 20. Bg3 Ne5 21. Bxe5 Rxe5 22. Re2 Qe6 23. Qxe6 fxe6 24. Nf3 Rc5 25. Rc1 e5 26. Nh4 Rc4 27. Nf5 Re8 28. f3 Kh7 29.
Rb2 g6 30. Ng3 c6 31. Rd2 Be3 0-1

[Event "Swedish Chess Championship 2019: Minior-SM"]
[Site "Stiga Sports Arena, Arenatorget 1, Eskilstuna, Sweden, Sweden"]
[Date "2019.07.12"]
[Round "6.1"]
[White "Falkevall, Axel"]
[Black "Strom-Engdahl, Alexander"]
[Result "1-0"]
[TimeControl "90 minutes for 40 moves + 30 minutes for the rest of the game + 30 seconds per move from move one"]
[WhiteFideId "1735560"]
[BlackFideId "1741586"]
[WhiteElo "2067"]
[BlackElo "1866"]

1. d4 Nf6 2. Bg5 e6 3. e4 h6 4. Bxf6 Qxf6 5. c3 d6 6. Nf3 e5 7. Bc4 c6 8. Nbd2 Be7 9. Qe2 Bg4 10.
h3 Bxf3 11. Nxf3 Nd7 12. Bb3 O-O 13. O-O Rfe8 14. Rad1 Rad8 15. Nh2 Bf8 16. Rd3 Qg6 17. Rg3 Qh7 18. Qh5 g5 19. Ng4 Re7 20.
f4 Qg7 21. fxe5 dxe5 22. Rgf3 1-0

[Event "Swedish Chess Championship 2019: Minior-SM"]
[Site "Stiga Sports Arena, Arenatorget 1, Eskilstuna, Sweden, Sweden"]
[Date "2019.07.12"]
[Round "6.2"]
[White "Enholm, Herman"]
[Black "Seo, Jung Hyun"]
[Result "0-1"]
[TimeControl "90 minutes for 40 moves + 30 minutes for the rest of the game + 30 seconds per move from move one"]
[WhiteFideId "1744500"]
[BlackFideId "1735667"]
[WhiteElo "1695"]
[BlackElo "1575"]

1. d4 e6 2. c4 f5 3. Nf3 Nf6 4. Nc3 Be7 5. Bf4 O-O 6. e3 d6 7. Bd3 Qe8 8. h3 Nc6 9. O-O Bd8 10.
Bc2 e5 11. dxe5 dxe5 12. Bh2 e4 13. Nd4 Ne5 14. Nd5 c6 15. Nf4 g5 16. Nfe2 g4 17. Bxe5 Qxe5 18. h4 g3 19. Nxg3 Ng4 20. f4 exf3 21. Qxf3 Bxh4 22.
Nde2 Qxe3+ 23. Kh1 Qh6 24. Kg1 Bg5 25. Rfd1 Be3+ 26. Kf1 Nh2+ 0-1

[Event "Swedish Chess Championship 2019: Minior-SM"]
[Site "Stiga Sports Arena, Arenatorget 1, Eskilstuna, Sweden, Sweden"]
[Date "2019.07.12"]
[Round "6.3"]
[White "Gerdes, Sebastian"]
[Black "Morell, Ludvig"]
[Result "0-1"]
[TimeControl "90 minutes for 40 moves + 30 minutes for the rest of the game + 30 seconds per move from move one"]
[WhiteFideId "1745697"]
[BlackFideId "1736779"]
[WhiteElo "1529"]
[BlackElo "1744"]

1. c4 e5 2. g3 Nf6 3. Bg2 h6 4. Nc3 Bb4 5. e3 Bxc3 6. bxc3 d6 7. d4 O-O 8. Ne2 Re8 9. O-O Nc6 10.
Rb1 e4 11. Ba3 Rb8 12. Nf4 Bf5 13. Nd5 Nxd5 14. cxd5 Ne7 15. c4 Qd7 16. Re1 b5 17. Qc2 bxc4 18. Qxc4 Rb6 19. Rxb6 cxb6 20.
Qb4 Rd8 21. Qb3 Rc8 22. f3 exf3 23. Bxf3 Bh3 24. e4 Ng6 25. e5 dxe5 26. dxe5 Re8 27. Bb2 Qf5 28. e6 Kh8 29. Qc3 f6 30.
Be4 Qg4 31. Qc6 Rg8 32. Bxg6 Qxg6 33. e7 Qe8 34. Qc7 Qb5 35. Qc2 Bd7 36. Qd2 Re8 37. Re4 Qc5+ 38. Kh1 Qd6 39. Qe3 Bf5 40.
Rd4 Rxe7 41. Qf3 Qd7 42. Kg2 Bh3+ 43. Kf2 Qb5 44. Rd2 Qf1# 0-1

[Event "Swedish Chess Championship 2019: Minior-SM"]
[Site "Stiga Sports Arena, Arenatorget 1, Eskilstuna, Sweden, Sweden"]
[Date "2019.07.12"]
[Round "6.4"]
[White "Tran, Alva Ling"]
[Black "Wikman, Viktor"]
[Result "1-0"]
[TimeControl "90 minutes for 40 moves + 30 minutes for the rest of the game + 30 seconds per move from move one"]
[WhiteFideId "1753223"]
[BlackFideId "1744720"]
[WhiteElo "1712"]
[BlackElo "1633"]

1. e4 e6 2. d4 d5 3. Nc3 Nf6 4. Bg5 Be7 5. e5 Nfd7 6.
Bxe7 Qxe7 7. f4 a6 8. Nf3 c5 9.
Bd3 Nc6 10. O-O h6 11. Qe1 O-O 12. g4 cxd4 13. Ne2 Nc5 14. g5 Nxd3 15.
cxd3 h5 16. Ng3 g6 17. Nh4 Re8 18. Qe2 Kg7 19. Rf2 Bd7 20. Raf1 Nd8 21. Rg2 Rh8 22. Qf2 Nc6 23. Qe2 Kf8 24.
a3 b5 25. f5 exf5 26. Ngxf5 gxf5 27. Nxf5 Qxe5 28. Nh6 Qxe2 29. Rxf7+ Ke8 30. Rxe2+ Kd8 31. Rg2 Ne5 32. Rf1 Bh3 33.
g6 Kc7 34. g7 Rxh6 35. Rf8 Bxg2 36. g8=Q Rxf8 37. Qxf8 Rg6 38. Qe7+ Nd7 39. Kf2 Bh3 40. Qh4 Rg2+ 41. Ke1 Bg4 42.
h3 Bf5 43. Qf4+ Kc6 44. Qxf5 Nc5 45. Qf6+ Kc7 46. Qxd4 Kd6 47. b4 Nd7 48. Qf4+ Ke6 49. Kf1 Ra2 50. Qe3+ Kf7 51. Qa7 Ke7 52.
Qxa6 Ne5 53. Qxb5 Rxa3 54. Qxd5 Nxd3 55. Qe4+ Kd6 56. Ke2 Ne5 57. b5 Rxh3 58. Qb4+ Kd7 59. b6 Nc6 60. Qe4 Rh2+ 61.
Ke1 Rb2 62. Qd5+ Kc8 63. Qxc6+ Kb8 64. Qc7+ Ka8 65. Qc8# 1-0

[Event "Swedish Chess Championship 2019: Minior-SM"]
[Site "Stiga Sports Arena, Arenatorget 1, Eskilstuna, Sweden, Sweden"]
[Date "2019.07.12"]
[Round "6.5"]
[White "Anfalt, Erik"]
[Black "Backlund, Elias"]
[Result "1-0"]
[TimeControl "90 minutes for 40 moves + 30 minutes for the rest of the game + 30 seconds per move from move one"]
[WhiteFideId "1753533"]
[BlackFideId "1753207"]
[WhiteElo "1511"]
[BlackElo "1656"]

1. e4 d6 2. d4 Nf6 3. Nc3 g6 4. f4 Bg7 5. Nf3 O-O 6. Bd3 c5 7. d5 a6 8. a4 Ne8 9. O-O f5 10.
exf5 Bxf5 11. Ng5 Nc7 12. Ne2 Nd7 13. c4 Qe8 14. Bxf5 Rxf5 15. Ng3 Bd4+ 16. Kh1 Rf8 17. Qg4 Bf6 18.
Ne6 Nxe6 19. Qxe6+ Rf7 20. Bd2 Nf8 21. Qg4 Qd7 22. Qxd7 Nxd7 23. Ne4 Raf8 24. Nxf6+ Nxf6 25. Rae1 Nh5 26.
g3 Ng7 27. Kg2 Nf5 28. Bc3 h5 29. Re6 Kh7 30. Rfe1 Rd8 31. h3 Rd7 32. g4 Ng7 33. Bxg7 Kxg7 34. Kg3 hxg4 35. Kxg4 b6 36.
Rf1 Rf6 37. Rfe1 Rf7 38. Kg5 Rf5+ 39. Kg4 Rf7 40. h4 Rb7 41. R1e3 Ra7 42. Rb3 Rb7 43. a5 b5 44. cxb5 axb5 45.
a6 Rb8 46. Ra3 Ra8 47. a7 b4 48. Ra6 Kh7 49. h5 gxh5+ 50. Kxh5 Kg7 51. Kg5 Kf8 52. f5 Kg7 53. Rg6+ Kf8 54.
f6 exf6+ 55. Rxf6 Ke7 56. Rfxd6 Ke8 57. Rh6 Rf8 58. Rhb6 Kd7 59. Rb7+ Ke8 60. Rb8+ Kf7 61. Rf6+ 1-0

[Event "Swedish Chess Championship 2019: Minior-SM"]
[Site "Stiga Sports Arena, Arenatorget 1, Eskilstuna, Sweden, Sweden"]
[Date "2019.07.12"]
[Round "6.6"]
[White "Muntean, Felix"]
[Black "Johansson-Ohman, Linnea"]
[Result "0-1"]
[TimeControl "90 minutes for 40 moves + 30 minutes for the rest of the game + 30 seconds per move from move one"]
[WhiteFideId "1054465"]
[BlackFideId "1737260"]
[WhiteElo "1377"]
[BlackElo "1529"]

1. e4 c6 2. d4 d5 3. e5 Bf5 4. Nf3 e6 5. c4 dxc4 6. Bxc4 Ne7 7. Bg5 h6 8. Bh4 Qb6 9. b3 Nd5 10.
Bxd5 Bb4+ 11. Nbd2 cxd5 12. a3 Bxd2+ 13. Qxd2 Qxb3 14. O-O Nc6 15. Rfc1 O-O 16. Qf4 Qb6 17. Bf6 Kh7 18. Qh4 gxf6 19.
exf6 Rg8 20. Qh5 Raf8 21. h4 Bg4 22. Rxc6 Bxh5 23. Rxb6 axb6 24. Ne5 Rc8 25. f3 Rc2 26. g4 Bg6 27.
h5 Bxh5 28. Kf1 Bg6 29. Rb1 Rf2+ 30. Kxf2 Bxb1 31. Kg3 Bg6 32. f4 Ra8 33. Kh4 Rxa3 34. Nd7 b5 35. Nf8+ Kg8 36. Nxg6 fxg6 37.
g5 hxg5+ 38. Kxg5 Kf7 39. f5 gxf5 40. Kf4 Ra1 41. Ke5 Re1+ 42. Kf4 Re4+ 0-1

[Event "Swedish Chess Championship 2019: Minior-SM"]
[Site "Stiga Sports Arena, Arenatorget 1, Eskilstuna, Sweden, Sweden"]
[Date "2019.07.12"]
[Round "7.1"]
[White "Seo, Jung Hyun"]
[Black "Falkevall, Axel"]
[Result "1/2-1/2"]
[TimeControl "90 minutes for 40 moves + 30 minutes for the rest of the game + 30 seconds per move from move one"]
[WhiteFideId "1735667"]
[BlackFideId "1735560"]
[WhiteElo "1575"]
[BlackElo "2067"]

1. Nf3 Nf6 2. d4 d5 3. c4 e6 4. Nc3 Be7 5. Bf4 c6 6. e3 O-O 7. Bd3 Nbd7 8. h3 dxc4 9. Bxc4 b5 10.
Bd3 Bb7 11. a3 a6 12. b4 a5 13. Rb1 axb4 14. axb4 Nb6 15. e4 Ra3 16. Qc2 h6 17. Bc7 Qxc7 18. Nxb5 Ra2 19. Nxc7 Rxc2 20.
Bxc2 Rc8 1/2-1/2

[Event "Swedish Chess Championship 2019: Minior-SM"]
[Site "Stiga Sports Arena, Arenatorget 1, Eskilstuna, Sweden, Sweden"]
[Date "2019.07.12"]
[Round "7.2"]
[White "Morell, Ludvig"]
[Black "Tran, Alva Ling"]
[Result "1/2-1/2"]
[TimeControl "90 minutes for 40 moves + 30 minutes for the rest of the game + 30 seconds per move from move one"]
[WhiteFideId "1736779"]
[BlackFideId "1753223"]
[WhiteElo "1744"]
[BlackElo "1712"]

1. e4 e5 2. Bc4 Nc6 3. Nf3 Bc5 4. c3 Nf6 5. d3 h6 6. Bb3 d6 7. Nbd2 O-O 8. h3 Be6 9. Nc4 Qe7 10.
Be3 Bb6 11. O-O Rad8 12. Qd2 Bxc4 13. Bxc4 d5 14. exd5 Nxd5 15. Bxd5 Rxd5 16. Bxb6 axb6 17. Rfe1 Rfd8 18. d4 R5d6 19.
Qc2 Re6 20. dxe5 Nxe5 21. Nxe5 Rxe5 22. Rxe5 Qxe5 23. Rd1 Re8 24. Qd2 Re6 25. f3 Qc5+ 26. Qf2 Qc4 27. Qc2 g6 28. b3 Qc5+ 29.
Kh1 Re3 30. c4 Qe5 31. Qd2 Kg7 32. Qd5 Qxd5 33. cxd5 Re7 34. Kh2 Rd7 35. Kg3 c6 36. Kf4 Kf6 37. Ke4 c5 38. h4 Ke7 39. f4 Kd6 40. g4 Re7+ 41. Kf3 f5 42. gxf5 gxf5 43. Rg1 Kxd5 44. Rg6 Re6 45. Rg7 Kd4 46. h5 Re3+ 47. Kf2 Rh3 48.
Rxb7 Rxh5 49. Kg3 Rh1 50. Rxb6 Ra1 51. Rxh6 Rxa2 52. Rd6+ Kc3 53. Rd5 Ra5 1/2-1/2

[Event "Swedish Chess Championship 2019: Minior-SM"]
[Site "Stiga Sports Arena, Arenatorget 1, Eskilstuna, Sweden, Sweden"]
[Date "2019.07.12"]
[Round "7.3"]
[White "Strom-Engdahl, Alexander"]
[Black "Anfalt, Erik"]
[Result "1-0"]
[TimeControl "90 minutes for 40 moves + 30 minutes for the rest of the game + 30 seconds per move from move one"]
[WhiteFideId "1741586"]
[BlackFideId "1753533"]
[WhiteElo "1866"]
[BlackElo "1511"]

1. c4 e5 2. Nc3 Nc6 3. g3 f5 4. Bg2 Nf6 5. e3 d5 6. Nxd5 Nxd5 7. cxd5 Nb4 8. d3 Nxd5 9. Bd2 c6 10.
Ne2 Nb4 11. Bxb4 Bxb4+ 12. Nc3 Qa5 13. Qc2 Be6 14. O-O Bxc3 15. bxc3 O-O 16. Rfb1 Rab8 17. Rb2 f4 18. exf4 exf4 19.
Re1 Bd5 20. Bxd5+ Qxd5 21. Qb3 Qxb3 22. Rxb3 fxg3 23. hxg3 Kf7 24. Ra3 a6 25. Rb3 Rfe8 26. Rxe8 Kxe8 27. Kg2 Kd7 28. Rb4 Kc7 29.
Rf4 Rd8 30. d4 Kd6 31. Kf3 Rd7 32. Ke3 Kd5 33. Rf5+ Ke6 34. Rh5 g6 35. Rh1 Kd5 36. Kd3 c5 37. c4+ Kc6 38. d5+ Kc7 39.
a4 Kd6 40. a5 Rf7 41. f4 Re7 42. Rb1 Kc7 43. g4 h5 44. gxh5 gxh5 45. Rh1 Rh7 46. Ke4 b5 47. axb6+ Kxb6 48.
f5 Ka5 49. d6 Kb4 50. Kd5 a5 51. Kc6 Kxc4 52. d7 Rh8 53. Kc7 a4 54. d8=Q Rxd8 55. Kxd8 Kb3 56. f6 a3 57. f7 c4 58.
f8=Q Kb2 59. Qb4+ 1-0

[Event "Swedish Chess Championship 2019: Minior-SM"]
[Site "Stiga Sports Arena, Arenatorget 1, Eskilstuna, Sweden, Sweden"]
[Date "2019.07.12"]
[Round "7.4"]
[White "Johansson-Ohman, Linnea"]
[Black "Enholm, Herman"]
[Result "1-0"]
[TimeControl "90 minutes for 40 moves + 30 minutes for the rest of the game + 30 seconds per move from move one"]
[WhiteFideId "1737260"]
[BlackFideId "1744500"]
[WhiteElo "1529"]
[BlackElo "1695"]

1. c4 Nf6 2. Nc3 c5 3. g3 e6 4.
Bg2 d5 5. cxd5 exd5 6. e3 Nc6 7. d4 cxd4 8. exd4 Bb4 9. Nge2 O-O 10. O-O Bf5 11. Bg5 Re8 12. Bxf6 Qxf6 13. Nxd5 Qd6 14.
a3 Ba5 15. b4 Bb6 16. Rc1 Bg4 17. f3 Rxe2 18. Nxb6 Rae8 19. Nc4 Qd5 20. Ne5 Nxe5 21. dxe5 Qa2 22. Qxe2 Qxe2 23. fxg4 Qxe5 24.
Bxb7 Qe3+ 25. Kh1 Qd2 26. Rcd1 Qe2 27. Bd5 Re7 28. Bxf7+ Kh8 29. Rd8+ Re8 30. Rxe8+ 1-0

[Event "Swedish Chess Championship 2019: Minior-SM"]
[Site "Stiga Sports Arena, Arenatorget 1, Eskilstuna, Sweden, Sweden"]
[Date "2019.07.12"]
[Round "7.5"]
[White "Mentzoni, Love"]
[Black "Fridman, Arvid"]
[Result "0-1"]
[TimeControl "90 minutes for 40 moves + 30 minutes for the rest of the game + 30 seconds per move from move one"]
[WhiteFideId "1751999"]
[BlackFideId "1758632"]
[WhiteElo "1363"]
[BlackElo "1326"]

1. e4 e5 2. Nf3 Nf6 3. Nxe5 d6 4. Nf3 Nxe4 5. Nc3 Nxc3 6. dxc3 Nc6 7. Be3 Bg4 8. h3 Be6 9. Qd2 a6 10. O-O-O Qe7 11. c4 O-O-O 12. Bd3 Ne5 13. Nxe5 dxe5 14. Qc3 Bd7 15. Rhe1 Qf6 16.
Be4 Be7 17. Rd3 Bf5 18. Bxf5+ Qxf5 19.
Red1 Qe4 20. f3 Qf5 21. Rd5 Rxd5 22. Rxd5 Bf6 23. f4 Re8 24. g4 Qe4 25. g5 exf4 26. gxf6 fxe3 27. fxg7 e2 28.
Qe1 Qf4+ 29. Rd2 Qf1 30. Rxe2 Qxe1+ 31. Rxe1 Rxe1+ 32. Kd2 Rg1 33. g8=B Rg7 34. h4 Rxg8 35. b4 Rg4 0-1

[Event "Swedish Chess Championship 2019: Minior-SM"]
[Site "Stiga Sports Arena, Arenatorget 1, Eskilstuna, Sweden, Sweden"]
[Date "2019.07.12"]
[Round "7.6"]
[White "Wikman, Viktor"]
[Black "Sandberg, Simon"]
[Result "1-0"]
[TimeControl "90 minutes for 40 moves + 30 minutes for the rest of the game + 30 seconds per move from move one"]
[WhiteFideId "1744720"]
[BlackFideId "1735640"]
[WhiteElo "1633"]
[BlackElo "1421"]

1. e4 e6 2. d4 d5 3. Nc3 Nf6 4. Bg5 Be7 5. e5 Nfd7 6. Bxe7 Qxe7 7. f4 a6 8. Nf3 O-O 9. Bd3 c5 10.
Bxh7+ Kxh7 11. Ng5+ Kg6 12. Qd3+ f5 13. Qh3 Nf6 14. exf6 Kxf6 15. Nh7+ Kf7 16. Nxf8 Qxf8 17. Qh5+ g6 18.
Qh7+ Qg7 19. Qxg7+ Kxg7 20. O-O-O cxd4 21. Rxd4 Nc6 22. Rdd1 Bd7 23. Na4 Rc8 24. Nc5 Be8 25. Nxe6+ Kf7 26.
Ng5+ Kf6 27. Rxd5 Nb4 28. Rd2 Bc6 29. Rhd1 Nxa2+ 30. Kb1 Nb4 31. c3 Nd5 32. Rxd5 Bxd5 33. Rxd5 1-0

[Event "Swedish Chess Championship 2019: Minior-SM"]
[Site "Stiga Sports Arena, Arenatorget 1, Eskilstuna, Sweden, Sweden"]
[Date "2019.07.13"]
[Round "8.1"]
[White "Falkevall, Axel"]
[Black "Morell, Ludvig"]
[Result "1-0"]
[TimeControl "90 minutes for 40 moves + 30 minutes for the rest of the game + 30 seconds per move from move one"]
[WhiteFideId "1735560"]
[BlackFideId "1736779"]
[WhiteElo "2067"]
[BlackElo "1744"]

1. e4 c5 2. c3 Nf6 3. e5 Nd5 4.
d4 cxd4 5. Nf3 Nc6 6. cxd4 d6 7. Bc4 e6 8. O-O Be7 9. Qe2 O-O 10. Nc3 dxe5 11. dxe5 Nxc3 12. bxc3 b6 13. Qe4 Bb7 14.
Bd3 g6 15. Bh6 Re8 16. Rad1 Qc7 17. Qf4 f5 18. Bc4 Nd8 19. Rd4 Bxf3 20. Qxf3 Nf7 21. Bxe6 Qxe5 22. Bb3 Rad8 23. Be3 Rxd4 24.
Bxd4 Qc7 25. Re1 Qd7 26.
Qe3 Qc6 27. Qe5 1-0